 Dungeon Crawl Stone Soup version 0.30-a0-7-g94fe547ab8 (webtiles) character file.

Game seed: 4557431894498190276

550 Plasmagod the Fighter (level 7, -4/71 HPs)
             Began as a Minotaur Monk on Aug 23, 2022.
             Was an Initiate of Yredelemnul.
             Killed from afar by an acid dragon (18 damage)
             ... with a splash of acid
             ... on level 5 of the Dungeon.
             The game lasted 00:08:01 (4250 turns).

Plasmagod the Fighter (Minotaur Monk)               Turns: 4250, Time: 00:08:02

Health: -4/71      AC:  7    Str: 17    XL:     7   Next: 7%
Magic:  6/6        EV: 10    Int:  7    God:    Yredelemnul [......]
Gold:   213        SH:  0    Dex: 13    Spells: 6/6 levels left

rFire   . . .      SeeInvis .    a - +0 hand axe
rCold   . . .      Faith    .    (no shield)
rNeg    . . .      Spirit   .    q - +0 scale mail
rPois   .          Reflect  .    (helmet restricted)
rElec   .          Harm     .    r - +0 cloak
rCorr   .          Rampage  .    (no gloves)
Will    .....                    (no boots)
Stlth   ..........               p - amulet of regeneration
HPRegen 1.01/turn                (no ring)
MPRegen 0.10/turn                (no ring)

@: no status effects
A: horns 2, retaliatory headbutt
a: Renounce Religion, Recall Undead Harvest


You were on level 5 of the Dungeon.
You worshipped Yredelemnul.
Yredelemnul was noncommittal.
You visited 1 branch of the dungeon, and saw 5 of its levels.

You collected 213 gold pieces.

Inventory:

Hand Weapons
 a - a +0 hand axe (weapon)
Missiles
 k - 5 atropa-tipped darts (quivered)
Armour
 q - a +0 scale mail (worn)
 r - a +0 cloak (worn)
Jewellery
 p - an amulet of regeneration (around neck)
Scrolls
 b - a scroll of amnesia {unknown}
 d - 2 scrolls of enchant armour {unknown}
 e - a scroll of noise {unknown}
 f - 4 scrolls of identify {unknown}
 g - a scroll of blinking {unknown}
 h - 2 scrolls of torment {unknown}
 l - a scroll of teleportation {unknown}
 o - 2 scrolls of brand weapon {unknown}
Potions
 c - a potion of ambrosia
 i - 2 potions of curing {unknown}
 j - 3 potions of flight {unknown}
 m - 2 potions of might {unknown}
 n - a potion of brilliance {unknown}


   Skills:
 + Level 9.8 Fighting
 - Level 3.6 Axes
 - Level 3.2 Dodging
 - Level 1.5 Stealth


You had 6 spell levels left.
You didn't know any spells.
Your spell library was empty.

Dungeon Overview and Level Annotations

Branches:
Dungeon (5/15)
 Temple: D:4-7

Altars:
Dithmenos
Kikubaaqudgha
Uskayaw
Yredelemnul

Shops:
D:1 :   D:2 :   D:5 (


Innate Abilities, Weirdness & Mutations

You have a pair of horns on your head.
You reflexively headbutt those who attack you in melee.


Message History

The acid dragon is moderately wounded.
You slash the white imp!
You kill the white imp!
A black mist starts to gather...
The acid dragon bites you!
* * * LOW HITPOINT WARNING * * *
The acid dragon claws you but does no damage.
A phantom comes into view.
You swap places.
Your adder zombie bites the acid dragon but does no damage.
The acid dragon bites your gnoll zombie.
The acid dragon claws your gnoll zombie.
Your gnoll zombie hits the acid dragon but does no damage.
Your adder zombie barely misses the acid dragon.
The acid dragon bites your gnoll zombie.
The acid dragon claws your gnoll zombie.
Your gnoll zombie hits the acid dragon but does no damage.
Your adder zombie bites the acid dragon but does no damage.
Your spectral white imp hits the acid dragon.
The acid dragon bites your gnoll zombie!
Your gnoll zombie is destroyed!
Your adder zombie bites the acid dragon but does no damage.
Your spectral white imp hits the acid dragon but does no damage.
Your adder zombie closely misses the acid dragon.
The acid dragon barely misses you. The acid dragon claws you.
* * * LOW HITPOINT WARNING * * *
Your adder zombie barely misses the acid dragon.
Your spectral white imp hits the acid dragon.
You closely miss the acid dragon.
The acid dragon is moderately wounded.
The acid dragon barely misses you.
The acid dragon claws you but does no damage.
Your adder zombie bites the acid dragon but does no damage.
Your spectral white imp hits the acid dragon but does no damage.
You hit the acid dragon but do no damage.
The acid dragon is moderately wounded.
You hit the phantom but do no damage. The phantom barely misses you.
The acid dragon spits acid at you. The splash of acid hits you!!
You die...
Your body rises from the dead as a mindless zombie.

..$.. ..##.... .....###
......# ......###.....#
.....##......#
#####...##8#....#
#....?..##.#....#
#......W##<#....######. #
......ZD@...............#
#.....Z###∩###.).#####..#
#...... #.# #..........#
#...... #8# #.....)...#
#...... #...#....)######
#...... ###......)<.....
#...... #.#####.#.####
#...... #. ....... #
###.#.###


You could see an acid dragon (catching breath, ally target), a phantom, a
friendly spectral white imp and a friendly adder zombie.

Vanquished Creatures
  A scorpion (D:4)
  An orc priest (D:3)
  A gnoll bouda (D:4)
  2 hounds
  A jelly (D:4)
  An orc wizard (D:3)
  11 gnolls
  6 adders
  A white imp (D:5)
  2 worms (D:3)
  6 dart slugs
  3 orcs
  6 ball pythons
  7 endoplasms
  3 giant cockroaches (D:1)
  5 goblins
  5 hobgoblins
  A jackal (D:2)
  A quokka (D:3)
  3 bats (D:1)
  4 frilled lizards
  6 kobolds
  6 rats (D:1)
83 creatures vanquished.

Vanquished Creatures (collateral kills)
  4 gnolls
  2 adders
  A dart slug (D:4)
  An orc (D:3)
  2 jackals (D:2)
  2 ball pythons
  A frilled lizard (D:3)
  A rat (D:3)
14 creatures vanquished.

Vanquished Creatures (others)
  An adder zombie (D:4)
  6 gnoll zombies
  3 ball python zombies
  A frilled lizard zombie (D:3)
  2 jackal zombies (D:2)
  3 orc zombies (D:3)
  A quokka zombie (D:3)
  A rat zombie (D:3)
  12 plants
30 creatures vanquished.

Grand Total: 127 creatures vanquished

Notes
Turn   | Place    | Note
-------+----------+-------------------------------------------
     0 | D:1      | Plasmagod the Minotaur Monk began the quest for the Orb.
     0 | D:1      | Reached XP level 1. HP: 19/19 MP: 0/0
    49 | D:1      | Reached skill level 4 in Fighting
   214 | D:1      | Reached XP level 2. HP: 28/28 MP: 1/1
   280 | D:1      | Found Faheas's Vocational Training.
   340 | D:1      | Found a faded altar of an unknown god.
   524 | D:1      | Prayed at the altar of an unknown god.
   524 | D:1      | Became a worshipper of Yredelemnul the Dark
   524 | D:1      | Reached * piety under Yredelemnul
   524 | D:1      | Reached ** piety under Yredelemnul
   598 | D:1      | Reached skill level 5 in Fighting
  1049 | D:2      | Reached XP level 3. HP: 36/36 MP: 2/2
  1550 | D:2      | Found Idwoul's Book Shop.
  1836 | D:2      | Reached skill level 6 in Fighting
  1836 | D:2      | Reached XP level 4. HP: 20/44 MP: 3/3
  2450 | D:3      | Reached XP level 5. HP: 24/51 MP: 4/4
  2454 | D:3      | Reached skill level 7 in Fighting
  3494 | D:4      | Reached skill level 8 in Fighting
  3530 | D:4      | Reached XP level 6. HP: 51/61 MP: 5/5
  3769 | D:4      | Found a hide-covered altar of Uskayaw.
  3858 | D:4      | Reached skill level 9 in Fighting
  3894 | D:4      | Found a shadowy altar of Dithmenos.
  3895 | D:4      | Found an ancient bone altar of Kikubaaqudgha.
  4134 | D:5      | Entered Level 5 of the Dungeon
  4219 | D:5      | Reached XP level 7. HP: 61/70 MP: 6/6
  4222 | D:5      | Found Ozijaq Elax's Antique Weapon Emporium.
  4250 | D:5      | Killed from afar by an acid dragon

Illustrated notes

Levels and vault maps discovered:
D:1:      psy_arrival_dodecagon, layout_basic, basic_ecumenical_altar,
          nicolae_shop_vocational
D:2:      layout_basic, serial_shops, shop
D:3:      layout_loops_cross, guppyfry_early_lair_pool
D:4:      layout_rooms, lemuel_tele_altar, gammafunk_temple_overflow_statue,
          saegor_snake_ambush
D:5:      layout_basic, slow_altar_2, lemuel_round_altar, gup_sewer_entry_pipe,
          serial_shops, shop_statue, uniq_edmund

Skill      XL: |  1  2  3  4  5  6 |
---------------+-------------------+-----
Fighting       | 4 5 6 8 9 |  9.8
Axes           | |  3.6
Dodging        | |  3.2
Stealth        | |  1.5

Action                   |  1- 3 |  4- 6 |  7- 9 || total
-------------------------+-------+-------+-------++-------
Melee: Hand axe          |    76 |   117 |    10 ||   203
       Headbutt          |     8 |    29 |       ||    37
       Punch             |     1 |       |       ||     1
Invok: Recall Undead Har |       |     1 |       ||     1
 Stab: Sleeping          |     9 |     1 |       ||    10
       Distracted        |     1 |       |       ||     1
Armor: Robe              |    10 |     6 |       ||    16
       Scale mail        |       |    15 |     5 ||    20
Dodge: Dodged            |    43 |    74 |    10 ||   127

Table legend: (Time is in decaauts)
 A = Elapsed time spent in this place.
 B = Non-inter-level travel time spent in this place.
 C = Inter-level travel time spent in this place.
 D = Time resting spent in this place.
 E = Time spent auto-exploring this place.
 F = Levels seen in this place.
 G = Mean time per level.
                   A        B        C        D        E       F      G
               +--------+--------+--------+--------+--------+-----+--------+
         Total |   4298 |   4179 |    119 |    356 |   3135 |   5 |  859.6 |
       Dungeon |   4298 |   4179 |    119 |    356 |   3135 |   5 |  859.6 |
               +--------+--------+--------+--------+--------+-----+--------+

Top non-repeatable levels by time:
     D:2: 1377 daAuts
     D:3: 1068 daAuts
     D:1: 1038 daAuts
     D:4: 751 daAuts
     D:5: 62 daAuts
